[ AOE2 MATCH · #475049136 ]
UnrankedPersians vs Persians
Player's team · LOSS
[ REPLAY ANALYSIS · EXTRACTED FROM THE RECORDED GAME ]
Feudal
11:04
Castle
20:07
Imperial
40:27
| APM avg | 12.5 |
| APM peak | 53 |
| eAPM avg | 10.3 |
| Villagers / military | 78 / 279 |
Focus
⚔️ 60.4% · 🌾 39.6%
Archer ×172 · War Elephant ×41 · Knight ×39 · Spearman ×21 · Scout Cavalry ×5 · Monk ×1
Feudal
11:27
Castle
19:42
Imperial
28:37
| APM avg | 15.5 |
| APM peak | 67 |
| eAPM avg | 11.2 |
| Villagers / military | 80 / 172 |
Focus
⚔️ 41.1% · 🌾 58.9%
War Elephant ×83 · Archer ×72 · Bombard Cannon ×17 · Trade Cart ×14
Feudal
10:37
Castle
20:05
Imperial
32:22
| APM avg | 24.5 |
| APM peak | 101 |
| eAPM avg | 14.3 |
| Villagers / military | 142 / 510 |
Focus
⚔️ 29.0% · 🌾 71.0%
Spearman ×246 · Teutonic Knight ×133 · Knight ×64 · Scout Cavalry ×35 · Militia ×27 · Trebuchet (Packed) ×5
Feudal
11:09
Castle
16:32
Imperial
35:44
| APM avg | 35.2 |
| APM peak | 64 |
| eAPM avg | 22.7 |
| Villagers / military | 125 / 468 |
Focus
⚔️ 24.0% · 🌾 76.0%
Spearman ×242 · Longbowman ×133 · Scout Cavalry ×55 · Battering Ram ×21 · Trebuchet (Packed) ×15 · Trade Cart ×8
Feudal
11:19
Castle
18:40
Imperial
33:05
| APM avg | 18.0 |
| APM peak | 88 |
| eAPM avg | 14.3 |
| Villagers / military | 100 / 225 |
Focus
⚔️ 39.2% · 🌾 60.8%
Knight ×124 · Throwing Axeman ×93 · Trade Cart ×12 · Trebuchet (Packed) ×5 · Scout Cavalry ×3
Feudal
11:42
Castle
21:24
Imperial
37:35
| APM avg | 15.6 |
| APM peak | 48 |
| eAPM avg | 7.2 |
| Villagers / military | 122 / 225 |
Focus
⚔️ 33.2% · 🌾 66.8%
Tarkan ×126 · Knight ×99
Match map
Initial resources + every placement click. Lines = walls · curves = elevation contours. ◆ gold · ⬟ stone · ● berries · ✦ relic · ◌ wall gap
Inputs per minute
— Spike - - baba meca
Build order — Spike
First 150 of 481 actions detected
| 0:10 | Create | Villager (Male) |
| 0:10 | Create | Villager (Male) |
| 0:10 | Create | Villager (Male) |
| 0:17 | Build | House |
| 0:18 | Build | House |
| 1:24 | Build | Lumber Camp |
| 1:38 | Create | Villager (Male) |
| 1:38 | Create | Villager (Male) |
| 1:38 | Create | Villager (Male) |
| 1:38 | Create | Villager (Male) |
| 2:39 | Create | Villager (Male) |
| 2:39 | Create | Villager (Male) |
| 3:16 | Create | Villager (Male) |
| 3:17 | Create | Villager (Male) |
| 3:17 | Create | Villager (Male) |
| 3:59 | Create | Villager (Male) |
| 3:59 | Create | Villager (Male) |
| 4:18 | Create | Villager (Male) |
| 4:18 | Create | Villager (Male) |
| 4:31 | Build | House |
| 4:33 | Build | House |
| 4:35 | Build | House |
| 5:06 | Build | Mill |
| 6:14 | Create | Villager (Male) |
| 6:14 | Create | Villager (Male) |
| 6:14 | Create | Villager (Male) |
| 6:15 | Create | Villager (Male) |
| 7:16 | Create | Villager (Male) |
| 7:16 | Create | Villager (Male) |
| 7:16 | Create | Villager (Male) |
| 7:17 | Create | Villager (Male) |
| 7:17 | Create | Villager (Male) |
| 7:17 | Create | Villager (Male) |
| 7:17 | Create | Villager (Male) |
| 8:38 | Build | Farm |
| 8:38 | Build | Farm |
| 8:55 | Research | Feudal Age |
| 9:05 | Create | Villager (Male) |
| 9:05 | Create | Villager (Male) |
| 9:05 | Create | Villager (Male) |
| 9:05 | Create | Villager (Male) |
| 10:10 | Build | Mining Camp |
| 10:56 | Build | Farm |
| 10:56 | Build | Farm |
| 10:56 | Build | Farm |
| 10:57 | Build | Farm |
| 11:04 | Age | Feudal Age |
| 12:19 | Build | Mining Camp |
| 12:46 | Build | Farm |
| 12:47 | Build | Farm |
| 13:26 | Build | Blacksmith |
| 13:41 | Create | Villager (Male) |
| 13:41 | Create | Villager (Male) |
| 13:41 | Create | Villager (Male) |
| 13:42 | Create | Villager (Male) |
| 13:42 | Create | Villager (Male) |
| 14:18 | Build | House |
| 14:19 | Build | House |
| 14:19 | Build | House |
| 14:20 | Build | House |
| 14:20 | Build | House |
| 14:21 | Build | House |
| 14:22 | Build | House |
| 14:22 | Build | House |
| 14:22 | Build | House |
| 14:23 | Build | House |
| 14:39 | Build | Farm |
| 14:39 | Build | Farm |
| 14:39 | Build | Farm |
| 15:27 | Build | Barracks |
| 15:55 | Create | Villager (Male) |
| 15:55 | Create | Villager (Male) |
| 15:57 | Create | Villager (Male) |
| 16:29 | Build | Stable |
| 16:53 | Build | Mining Camp |
| 17:10 | Build | Farm |
| 17:29 | Create | Scout Cavalry |
| 17:29 | Create | Scout Cavalry |
| 17:30 | Create | Scout Cavalry |
| 17:30 | Create | Scout Cavalry |
| 17:30 | Create | Scout Cavalry |
| 17:41 | Research | Castle Age |
| 17:45 | Research | Bloodlines |
| 17:58 | Build | Farm |
| 19:08 | Create | Spearman |
| 19:08 | Create | Spearman |
| 19:09 | Create | Spearman |
| 19:51 | Create | Spearman |
| 19:52 | Create | Spearman |
| 20:07 | Age | Castle Age |
| 20:22 | Create | Villager (Male) |
| 20:22 | Create | Villager (Male) |
| 21:02 | Build | Castle |
| 22:06 | Build | Town Center |
| 22:41 | Create | Villager (Male) |
| 22:42 | Create | Villager (Male) |
| 22:42 | Create | Villager (Male) |
| 22:42 | Create | Villager (Male) |
| 22:42 | Create | Villager (Male) |
| 22:43 | Create | Villager (Male) |
| 22:43 | Create | Villager (Male) |
| 22:56 | Research | Scale Barding Armor |
| 22:59 | Research | Fletching |
| 22:59 | Research | Padded Archer Armor |
| 23:26 | Build | University |
| 24:01 | Build | Archery Range |
| 24:02 | Build | Archery Range |
| 24:04 | Build | Archery Range |
| 24:27 | Build | Farm |
| 24:27 | Build | Farm |
| 24:27 | Build | Farm |
| 24:27 | Build | Farm |
| 24:28 | Build | Farm |
| 24:53 | Build | Mining Camp |
| 25:01 | Research | Kamandaran |
| 25:24 | Create | Villager (Male) |
| 25:35 | Build | Farm |
| 25:35 | Build | Farm |
| 25:46 | Create | Archer |
| 25:46 | Create | Archer |
| 25:46 | Create | Archer |
| 25:46 | Create | Archer |
| 25:47 | Create | Archer |
| 25:47 | Create | Archer |
| 25:58 | Research | Crossbowman (upgrade) |
| 26:28 | Build | Farm |
| 27:00 | Build | Lumber Camp |
| 27:39 | Create | Villager (Male) |
| 27:40 | Create | Villager (Male) |
| 27:40 | Create | Villager (Male) |
| 27:40 | Create | Villager (Male) |
| 27:40 | Create | Villager (Male) |
| 27:40 | Create | Villager (Male) |
| 27:41 | Create | Villager (Male) |
| 27:41 | Create | Villager (Male) |
| 27:59 | Create | Villager (Male) |
| 27:59 | Create | Villager (Male) |
| 27:59 | Create | Villager (Male) |
| 27:59 | Create | Villager (Male) |
| 28:22 | Create | Archer |
| 28:22 | Create | Archer |
| 28:23 | Create | Archer |
| 28:23 | Create | Archer |
| 28:23 | Create | Archer |
| 28:23 | Create | Archer |
| 29:16 | Research | Leather Archer Armor |
| 29:20 | Research | Bodkin Arrow |
| 29:44 | Create | War Elephant |
| 30:33 | Create | War Elephant |
| 30:46 | Create | Archer |
Build order — baba meca
First 150 of 425 actions detected
| 0:06 | Build | House |
| 0:08 | Build | House |
| 0:08 | Create | Villager (Male) |
| 0:09 | Create | Villager (Male) |
| 0:09 | Create | Villager (Male) |
| 1:19 | Create | Villager (Male) |
| 1:43 | Create | Villager (Male) |
| 1:47 | Build | Lumber Camp |
| 1:49 | Create | Villager (Male) |
| 2:32 | Create | Villager (Male) |
| 2:56 | Create | Villager (Male) |
| 3:21 | Create | Villager (Male) |
| 3:29 | Build | Mill |
| 3:37 | Build | House |
| 3:38 | Build | House |
| 4:08 | Create | Villager (Male) |
| 4:38 | Create | Villager (Male) |
| 5:05 | Create | Villager (Male) |
| 5:31 | Create | Villager (Male) |
| 5:55 | Create | Villager (Male) |
| 6:23 | Create | Villager (Male) |
| 6:42 | Create | Villager (Male) |
| 7:22 | Create | Villager (Male) |
| 7:47 | Create | Villager (Male) |
| 7:52 | Build | Mining Camp |
| 8:10 | Create | Villager (Male) |
| 8:35 | Create | Villager (Male) |
| 8:49 | Create | Villager (Male) |
| 9:21 | Research | Feudal Age |
| 10:21 | Build | Farm |
| 10:23 | Build | Farm |
| 10:26 | Build | Farm |
| 10:29 | Build | Farm |
| 11:09 | Build | House |
| 11:26 | Create | Villager (Male) |
| 11:27 | Age | Feudal Age |
| 11:31 | Create | Villager (Male) |
| 11:51 | Build | Blacksmith |
| 11:56 | Build | Market |
| 12:08 | Build | Farm |
| 12:11 | Build | Farm |
| 12:16 | Build | Farm |
| 12:17 | Create | Villager (Male) |
| 12:23 | Build | Farm |
| 12:24 | Create | Villager (Male) |
| 12:25 | Create | Villager (Male) |
| 12:44 | Build | Mining Camp |
| 12:45 | Create | Villager (Male) |
| 12:54 | Research | Horse Collar |
| 13:04 | Build | Mill |
| 13:12 | Build | House |
| 13:15 | Build | House |
| 13:20 | Research | Double-Bit Axe |
| 13:50 | Build | Farm |
| 14:13 | Build | House |
| 14:16 | Create | Villager (Male) |
| 14:17 | Research | Loom |
| 14:23 | Create | Villager (Male) |
| 14:44 | Build | Farm |
| 14:48 | Build | Farm |
| 14:52 | Create | Villager (Male) |
| 15:00 | Build | Farm |
| 15:21 | Create | Villager (Male) |
| 15:22 | Create | Villager (Male) |
| 15:28 | Build | Farm |
| 15:32 | Create | Villager (Male) |
| 15:37 | Create | Trade Cart |
| 15:41 | Build | House |
| 15:43 | Build | House |
| 15:46 | Build | House |
| 15:49 | Build | House |
| 15:51 | Build | House |
| 16:04 | Create | Villager (Male) |
| 16:10 | Build | Farm |
| 16:16 | Build | Farm |
| 16:36 | Create | Villager (Male) |
| 17:02 | Create | Trade Cart |
| 17:17 | Research | Castle Age |
| 18:07 | Create | Trade Cart |
| 19:06 | Research | Gold Mining |
| 19:09 | Research | Stone Mining |
| 19:21 | Build | House |
| 19:23 | Build | House |
| 19:42 | Create | Villager (Male) |
| 19:42 | Create | Villager (Male) |
| 19:42 | Age | Castle Age |
| 20:11 | Build | Town Center |
| 20:14 | Create | Villager (Male) |
| 20:15 | Create | Villager (Male) |
| 20:17 | Create | Villager (Male) |
| 20:18 | Create | Villager (Male) |
| 20:18 | Create | Villager (Male) |
| 20:19 | Create | Villager (Male) |
| 20:19 | Create | Villager (Male) |
| 20:21 | Create | Villager (Male) |
| 20:51 | Build | Castle |
| 21:03 | Research | Heavy Plow |
| 21:04 | Research | Bow Saw |
| 21:18 | Create | Villager (Male) |
| 22:01 | Build | Lumber Camp |
| 22:04 | Create | Villager (Male) |
| 22:08 | Create | Villager (Male) |
| 22:08 | Create | Villager (Male) |
| 22:09 | Create | Villager (Male) |
| 22:11 | Create | Villager (Male) |
| 22:11 | Create | Villager (Male) |
| 22:23 | Build | Farm |
| 23:05 | Build | Farm |
| 23:27 | Build | Farm |
| 23:41 | Build | Barracks |
| 23:45 | Create | Villager (Male) |
| 24:03 | Build | Farm |
| 24:05 | Create | Villager (Male) |
| 24:05 | Create | Villager (Male) |
| 24:09 | Create | Villager (Male) |
| 24:21 | Build | Farm |
| 24:29 | Build | Farm |
| 24:33 | Create | Villager (Male) |
| 24:36 | Build | Farm |
| 24:40 | Create | Villager (Male) |
| 24:51 | Build | Farm |
| 24:53 | Build | Farm |
| 24:59 | Create | Villager (Male) |
| 25:01 | Create | Villager (Male) |
| 25:03 | Create | Villager (Male) |
| 25:15 | Build | Stable |
| 25:26 | Build | Mill |
| 25:38 | Create | Villager (Male) |
| 25:44 | Research | Imperial Age |
| 25:57 | Build | Farm |
| 26:00 | Build | Farm |
| 26:06 | Build | Farm |
| 26:09 | Build | Farm |
| 26:14 | Build | Farm |
| 26:22 | Build | Farm |
| 26:37 | Build | Castle |
| 26:42 | Research | Husbandry |
| 26:43 | Research | Bloodlines |
| 26:49 | Research | Scale Barding Armor |
| 26:50 | Research | Forging |
| 26:57 | Build | Lumber Camp |
| 27:24 | Build | Archery Range |
| 27:30 | Create | Villager (Male) |
| 27:31 | Create | Villager (Male) |
| 27:31 | Create | Villager (Male) |
| 27:56 | Research | Wheelbarrow |
| 28:37 | Age | Imperial Age |
| 28:59 | Build | Archery Range |
| 29:01 | Build | Archery Range |
| 29:06 | Research | Gold Shaft Mining |
Build order — guang
First 150 of 419 actions detected
| 0:01 | Create | Villager (Male) |
| 0:01 | Create | Villager (Male) |
| 0:01 | Create | Villager (Male) |
| 0:03 | Build | House |
| 0:05 | Build | House |
| 1:03 | Create | Villager (Male) |
| 1:03 | Create | Villager (Male) |
| 1:03 | Create | Villager (Male) |
| 2:04 | Create | Villager (Male) |
| 2:04 | Create | Villager (Male) |
| 2:37 | Build | Lumber Camp |
| 2:51 | Create | Villager (Male) |
| 2:51 | Create | Villager (Male) |
| 2:52 | Create | Villager (Male) |
| 3:01 | Build | House |
| 3:30 | Create | Villager (Male) |
| 3:30 | Create | Villager (Male) |
| 3:31 | Create | Villager (Male) |
| 4:08 | Create | Villager (Male) |
| 4:08 | Create | Villager (Male) |
| 4:15 | Build | Mill |
| 4:53 | Create | Villager (Male) |
| 4:54 | Create | Villager (Male) |
| 4:54 | Create | Villager (Male) |
| 5:14 | Create | Villager (Male) |
| 5:14 | Create | Villager (Male) |
| 5:14 | Create | Villager (Male) |
| 5:14 | Create | Villager (Male) |
| 5:34 | Create | Villager (Male) |
| 5:34 | Create | Villager (Male) |
| 5:35 | Create | Villager (Male) |
| 5:50 | Create | Villager (Male) |
| 5:50 | Create | Villager (Male) |
| 6:07 | Create | Villager (Male) |
| 6:07 | Create | Villager (Male) |
| 6:07 | Create | Villager (Male) |
| 6:24 | Build | House |
| 6:37 | Create | Villager (Male) |
| 6:37 | Create | Villager (Male) |
| 6:37 | Create | Villager (Male) |
| 6:38 | Create | Villager (Male) |
| 7:20 | Create | Villager (Male) |
| 7:30 | Create | Villager (Male) |
| 7:30 | Create | Villager (Male) |
| 8:12 | Build | Mining Camp |
| 8:27 | Research | Feudal Age |
| 9:38 | Create | Villager (Male) |
| 9:39 | Create | Villager (Male) |
| 10:29 | Build | Mill |
| 10:37 | Age | Feudal Age |
| 10:44 | Research | Horse Collar |
| 10:57 | Build | Farm |
| 10:57 | Build | Farm |
| 10:57 | Build | Farm |
| 10:58 | Build | Farm |
| 11:24 | Create | Villager (Male) |
| 11:24 | Create | Villager (Male) |
| 11:32 | Build | Farm |
| 11:37 | Build | Farm |
| 11:38 | Build | Farm |
| 11:58 | Build | House |
| 12:23 | Create | Villager (Male) |
| 12:24 | Create | Villager (Male) |
| 12:44 | Build | Lumber Camp |
| 12:56 | Create | Villager (Male) |
| 12:56 | Create | Villager (Male) |
| 12:56 | Create | Villager (Male) |
| 13:06 | Build | Farm |
| 13:25 | Build | Farm |
| 13:30 | Create | Villager (Male) |
| 14:08 | Build | Lumber Camp |
| 14:20 | Create | Villager (Male) |
| 14:31 | Build | House |
| 14:48 | Create | Villager (Male) |
| 15:12 | Build | Mining Camp |
| 15:36 | Create | Villager (Male) |
| 16:13 | Build | Market |
| 16:19 | Build | Blacksmith |
| 16:33 | Create | Villager (Male) |
| 17:03 | Build | House |
| 17:24 | Research | Castle Age |
| 18:46 | Create | Villager (Male) |
| 19:12 | Research | Double-Bit Axe |
| 19:16 | Research | Wheelbarrow |
| 19:35 | Build | House |
| 19:37 | Build | House |
| 19:38 | Build | House |
| 19:40 | Build | House |
| 19:41 | Build | House |
| 20:05 | Age | Castle Age |
| 20:07 | Build | Town Center |
| 20:11 | Create | Villager (Male) |
| 20:12 | Create | Villager (Male) |
| 20:14 | Create | Villager (Male) |
| 20:33 | Build | Town Center |
| 20:37 | Create | Villager (Male) |
| 20:43 | Create | Villager (Male) |
| 20:43 | Create | Villager (Male) |
| 20:43 | Create | Villager (Male) |
| 20:55 | Build | Farm |
| 20:56 | Build | Farm |
| 21:10 | Create | Villager (Male) |
| 21:10 | Create | Villager (Male) |
| 21:25 | Build | Barracks |
| 21:33 | Build | Farm |
| 21:35 | Create | Villager (Male) |
| 21:35 | Create | Villager (Male) |
| 21:57 | Research | Hand Cart |
| 21:58 | Create | Villager (Male) |
| 21:58 | Create | Villager (Male) |
| 21:58 | Create | Villager (Male) |
| 22:06 | Build | Farm |
| 22:29 | Create | Villager (Male) |
| 22:29 | Create | Villager (Male) |
| 22:30 | Create | Villager (Male) |
| 22:54 | Create | Villager (Male) |
| 22:54 | Create | Villager (Male) |
| 22:54 | Create | Villager (Male) |
| 23:05 | Build | Farm |
| 23:17 | Build | Farm |
| 23:17 | Build | Farm |
| 23:18 | Build | Farm |
| 23:23 | Build | Farm |
| 23:29 | Create | Villager (Male) |
| 23:29 | Create | Villager (Male) |
| 23:29 | Create | Villager (Male) |
| 23:41 | Build | Farm |
| 23:41 | Build | Farm |
| 23:44 | Create | Villager (Male) |
| 23:44 | Create | Villager (Male) |
| 23:50 | Build | House |
| 23:52 | Build | House |
| 23:53 | Build | House |
| 24:02 | Create | Villager (Male) |
| 24:02 | Create | Villager (Male) |
| 24:03 | Create | Villager (Male) |
| 24:03 | Create | Villager (Male) |
| 24:32 | Build | Mill |
| 24:34 | Build | Farm |
| 24:38 | Create | Villager (Male) |
| 24:38 | Create | Villager (Male) |
| 24:38 | Create | Villager (Male) |
| 24:57 | Create | Villager (Male) |
| 24:57 | Create | Villager (Male) |
| 25:03 | Create | Villager (Male) |
| 25:03 | Create | Villager (Male) |
| 25:09 | Build | Farm |
| 25:10 | Build | Farm |
| 25:23 | Build | Lumber Camp |
| 25:37 | Build | Farm |
Build order — Numenor
First 150 of 435 actions detected
| 0:04 | Build | House |
| 0:04 | Build | House |
| 0:05 | Create | Villager (Male) |
| 0:05 | Create | Villager (Male) |
| 0:06 | Create | Villager (Male) |
| 0:07 | Build | House |
| 1:02 | Create | Villager (Male) |
| 1:02 | Create | Villager (Male) |
| 1:24 | Create | Villager (Male) |
| 1:49 | Build | Lumber Camp |
| 2:17 | Create | Villager (Male) |
| 2:18 | Create | Villager (Male) |
| 2:18 | Create | Villager (Male) |
| 3:00 | Create | Villager (Male) |
| 3:01 | Create | Villager (Male) |
| 3:37 | Create | Villager (Male) |
| 3:37 | Create | Villager (Male) |
| 3:52 | Create | Villager (Male) |
| 3:52 | Create | Villager (Male) |
| 4:01 | Build | Mill |
| 5:01 | Create | Villager (Male) |
| 5:01 | Create | Villager (Male) |
| 5:39 | Create | Villager (Male) |
| 5:41 | Create | Villager (Male) |
| 5:45 | Build | House |
| 6:12 | Create | Villager (Male) |
| 6:13 | Create | Villager (Male) |
| 6:49 | Create | Villager (Male) |
| 7:11 | Build | Mining Camp |
| 7:13 | Create | Villager (Male) |
| 7:14 | Create | Villager (Male) |
| 7:26 | Build | House |
| 8:21 | Research | Loom |
| 8:39 | Build | Farm |
| 8:41 | Build | Farm |
| 8:44 | Research | Feudal Age |
| 9:00 | Build | Farm |
| 9:59 | Build | Farm |
| 10:08 | Build | House |
| 10:28 | Create | Villager (Male) |
| 10:28 | Create | Villager (Male) |
| 10:42 | Build | House |
| 11:09 | Age | Feudal Age |
| 11:11 | Create | Villager (Male) |
| 11:11 | Create | Villager (Male) |
| 11:20 | Build | Market |
| 11:26 | Build | Blacksmith |
| 11:43 | Create | Villager (Male) |
| 11:58 | Research | Double-Bit Axe |
| 12:55 | Build | House |
| 12:57 | Build | House |
| 12:59 | Build | House |
| 13:01 | Build | House |
| 13:06 | Create | Villager (Male) |
| 13:48 | Build | Mining Camp |
| 13:52 | Research | Castle Age |
| 14:04 | Build | Farm |
| 14:57 | Build | Barracks |
| 15:13 | Research | Wheelbarrow |
| 15:17 | Research | Horse Collar |
| 15:23 | Build | Farm |
| 15:26 | Build | Farm |
| 15:33 | Build | Farm |
| 15:38 | Build | Farm |
| 16:06 | Build | Farm |
| 16:18 | Research | Stone Mining |
| 16:32 | Age | Castle Age |
| 16:38 | Create | Spearman ×4 |
| 17:09 | Create | Villager (Male) |
| 17:10 | Create | Villager (Male) |
| 17:39 | Research | Scale Mail Armor |
| 17:51 | Create | Villager (Male) |
| 17:52 | Create | Villager (Male) |
| 18:05 | Research | Gold Mining |
| 18:20 | Build | Town Center |
| 18:22 | Create | Villager (Male) |
| 18:23 | Create | Villager (Male) |
| 18:23 | Create | Villager (Male) |
| 18:23 | Create | Villager (Male) |
| 19:03 | Build | House |
| 19:04 | Build | House |
| 19:04 | Build | House |
| 19:06 | Build | House |
| 19:11 | Create | Villager (Male) |
| 19:11 | Create | Villager (Male) |
| 19:35 | Research | Squires |
| 19:37 | Create | Spearman |
| 19:38 | Create | Spearman |
| 19:40 | Create | Villager (Male) |
| 19:40 | Create | Villager (Male) |
| 19:52 | Create | Villager (Male) |
| 20:03 | Create | Spearman |
| 20:04 | Create | Spearman |
| 20:16 | Create | Villager (Male) |
| 20:30 | Create | Villager (Male) |
| 20:37 | Create | Villager (Male) |
| 20:52 | Build | Castle |
| 20:56 | Build | Farm |
| 20:58 | Create | Villager (Male) |
| 20:58 | Create | Villager (Male) |
| 21:07 | Create | Villager (Male) |
| 21:07 | Create | Villager (Male) |
| 21:36 | Build | Siege Workshop |
| 21:44 | Build | Farm |
| 21:46 | Create | Villager (Male) |
| 21:48 | Create | Villager (Male) |
| 21:51 | Build | Farm |
| 21:53 | Create | Villager (Male) |
| 21:53 | Create | Villager (Male) |
| 21:57 | Create | Villager (Male) |
| 22:16 | Create | Villager (Male) |
| 22:16 | Create | Villager (Male) |
| 22:26 | Create | Longbowman ×5 |
| 22:35 | Build | Monastery |
| 22:41 | Build | University |
| 22:57 | Create | Trade Cart |
| 22:57 | Create | Trade Cart |
| 23:05 | Create | Villager (Male) |
| 23:05 | Create | Villager (Male) |
| 23:05 | Create | Villager (Male) |
| 23:07 | Create | Villager (Male) |
| 23:08 | Create | Villager (Male) |
| 23:22 | Create | Villager (Male) |
| 23:46 | Build | Farm |
| 23:48 | Build | Farm |
| 23:50 | Build | Farm |
| 23:58 | Build | Farm |
| 24:00 | Create | Villager (Male) |
| 24:02 | Build | Farm |
| 24:04 | Create | Villager (Male) |
| 24:08 | Create | Longbowman ×5 |
| 24:12 | Research | Fletching |
| 24:17 | Build | Farm |
| 24:19 | Build | Farm |
| 24:27 | Research | Bow Saw |
| 24:32 | Build | Farm |
| 24:35 | Create | Villager (Male) |
| 24:46 | Build | House |
| 24:47 | Build | House |
| 24:49 | Build | House |
| 24:50 | Build | House |
| 25:09 | Research | Pikeman (upgrade) |
| 25:30 | Build | Farm |
| 25:31 | Create | Villager (Male) |
| 25:33 | Create | Villager (Male) |
| 25:35 | Create | Villager (Male) |
| 25:35 | Create | Villager (Male) |
| 25:57 | Create | Villager (Male) |
| 26:05 | Build | Siege Workshop |
| 26:11 | Research | Forging |
Build order — Tiaop
First 150 of 517 actions detected
| 0:06 | Create | Villager (Male) |
| 0:09 | Build | House |
| 0:12 | Build | House |
| 0:20 | Create | Villager (Male) |
| 0:20 | Create | Villager (Male) |
| 0:39 | Create | Villager (Male) |
| 2:06 | Create | Villager (Male) |
| 2:53 | Research | Loom |
| 3:13 | Create | Villager (Male) |
| 3:15 | Create | Villager (Male) |
| 3:16 | Create | Villager (Male) |
| 3:38 | Build | Mill |
| 3:39 | Create | Villager (Male) |
| 3:49 | Build | Lumber Camp |
| 4:05 | Create | Villager (Male) |
| 4:23 | Create | Villager (Male) |
| 4:44 | Create | Villager (Male) |
| 5:03 | Build | House |
| 5:14 | Create | Villager (Male) |
| 5:26 | Create | Villager (Male) |
| 5:35 | Create | Villager (Male) |
| 6:13 | Build | House |
| 6:21 | Create | Villager (Male) |
| 7:07 | Create | Villager (Male) |
| 7:28 | Create | Villager (Male) |
| 7:38 | Create | Villager (Male) |
| 7:41 | Create | Villager (Male) |
| 8:19 | Create | Villager (Male) |
| 8:43 | Create | Villager (Male) |
| 9:09 | Research | Feudal Age |
| 10:31 | Create | Villager (Male) |
| 10:40 | Build | House |
| 11:19 | Age | Feudal Age |
| 11:35 | Create | Villager (Male) |
| 11:38 | Create | Villager (Male) |
| 11:59 | Build | Market |
| 12:01 | Create | Villager (Male) |
| 12:12 | Build | Blacksmith |
| 12:13 | Create | Villager (Male) |
| 12:22 | Create | Villager (Male) |
| 12:25 | Create | Villager (Male) |
| 12:31 | Create | Villager (Male) |
| 12:45 | Build | Mining Camp |
| 12:52 | Create | Villager (Male) |
| 13:02 | Build | House |
| 13:31 | Create | Villager (Male) |
| 13:39 | Create | Villager (Male) |
| 13:50 | Create | Villager (Male) |
| 13:56 | Build | Farm |
| 13:58 | Build | Farm |
| 13:59 | Build | Farm |
| 14:00 | Build | Farm |
| 14:10 | Build | Farm |
| 14:48 | Create | Villager (Male) |
| 14:58 | Build | Farm |
| 15:03 | Build | Farm |
| 15:13 | Build | Farm |
| 15:25 | Build | Farm |
| 15:26 | Build | Farm |
| 15:28 | Build | Farm |
| 15:32 | Build | Farm |
| 15:47 | Build | Farm |
| 16:00 | Research | Castle Age |
| 16:17 | Build | Mining Camp |
| 16:43 | Research | Double-Bit Axe |
| 17:14 | Build | Outpost |
| 17:25 | Build | Outpost |
| 18:30 | Create | Villager (Male) |
| 18:30 | Create | Villager (Male) |
| 18:31 | Create | Villager (Male) |
| 18:40 | Age | Castle Age |
| 18:51 | Build | Town Center |
| 19:01 | Research | Stone Mining |
| 19:04 | Create | Villager (Male) |
| 19:30 | Create | Villager (Male) |
| 19:40 | Build | House |
| 19:41 | Build | House |
| 19:45 | Build | House |
| 19:59 | Research | Town Watch |
| 20:19 | Create | Villager (Male) |
| 20:26 | Create | Villager (Male) |
| 20:32 | Create | Villager (Male) |
| 20:37 | Research | Gold Mining |
| 20:40 | Research | Bow Saw |
| 20:57 | Create | Villager (Male) |
| 20:59 | Create | Villager (Male) |
| 21:10 | Build | Town Center |
| 21:12 | Create | Villager (Male) |
| 21:22 | Research | Gold Shaft Mining |
| 21:23 | Create | Villager (Male) |
| 21:38 | Build | Mill |
| 21:45 | Build | Barracks |
| 21:53 | Create | Villager (Male) |
| 22:03 | Create | Villager (Male) |
| 22:04 | Create | Villager (Male) |
| 22:04 | Create | Villager (Male) |
| 22:04 | Create | Villager (Male) |
| 22:30 | Create | Villager (Male) |
| 22:32 | Create | Villager (Male) |
| 22:50 | Create | Villager (Male) |
| 22:51 | Create | Villager (Male) |
| 23:00 | Build | House |
| 23:03 | Build | House |
| 23:05 | Build | House |
| 23:08 | Build | House |
| 23:18 | Build | Castle |
| 23:24 | Create | Villager (Male) |
| 23:30 | Build | Farm |
| 23:46 | Build | Stable |
| 23:51 | Build | Stable |
| 23:52 | Build | Stable |
| 24:08 | Create | Villager (Male) |
| 24:09 | Create | Villager (Male) |
| 24:20 | Create | Villager (Male) |
| 24:20 | Create | Villager (Male) |
| 24:25 | Create | Villager (Male) |
| 24:25 | Create | Villager (Male) |
| 24:29 | Create | Villager (Male) |
| 24:29 | Create | Villager (Male) |
| 24:39 | Create | Villager (Male) |
| 24:40 | Create | Villager (Male) |
| 24:46 | Create | Villager (Male) |
| 24:47 | Create | Villager (Male) |
| 24:48 | Create | Villager (Male) |
| 24:58 | Build | Farm |
| 25:02 | Build | Farm |
| 25:05 | Build | Farm |
| 25:10 | Build | Farm |
| 25:14 | Build | Farm |
| 25:22 | Build | Farm |
| 25:26 | Create | Villager (Male) |
| 25:27 | Create | Villager (Male) |
| 25:39 | Research | Scale Barding Armor |
| 25:43 | Create | Villager (Male) |
| 25:55 | Build | Farm |
| 26:03 | Create | Villager (Male) |
| 26:24 | Build | Castle |
| 26:26 | Create | Villager (Male) |
| 26:27 | Create | Villager (Male) |
| 26:54 | Build | Town Center |
| 26:55 | Create | Villager (Male) |
| 26:56 | Create | Villager (Male) |
| 27:01 | Create | Villager (Male) |
| 27:02 | Create | Villager (Male) |
| 27:02 | Create | Villager (Male) |
| 27:02 | Create | Villager (Male) |
| 27:17 | Create | Villager (Male) |
| 27:18 | Create | Villager (Male) |
| 27:18 | Create | Villager (Male) |
| 27:38 | Build | Stable |
Build order — sakura琉璃
First 150 of 193 actions detected
| 0:08 | Create | Villager (Male) ×4 |
| 0:08 | Create | Villager (Male) ×4 |
| 1:58 | Build | Lumber Camp |
| 2:05 | Create | Villager (Male) ×2 |
| 2:27 | Create | Villager (Male) |
| 2:27 | Create | Villager (Male) |
| 3:49 | Create | Villager (Male) ×4 |
| 4:59 | Build | Mill |
| 5:16 | Create | Villager (Male) ×3 |
| 6:00 | Build | Mining Camp |
| 7:01 | Create | Villager (Male) ×5 |
| 7:35 | Build | Mining Camp |
| 8:31 | Create | Villager (Male) ×3 |
| 9:32 | Research | Feudal Age |
| 10:16 | Build | Barracks |
| 10:22 | Create | Villager (Male) ×2 |
| 11:23 | Build | Farm |
| 11:23 | Build | Farm |
| 11:24 | Build | Farm |
| 11:24 | Build | Farm |
| 11:25 | Build | Farm |
| 11:42 | Age | Feudal Age |
| 12:04 | Build | Watch Tower |
| 13:09 | Build | Farm |
| 13:11 | Create | Villager (Male) ×5 |
| 13:41 | Build | Farm |
| 14:36 | Build | Mill |
| 14:55 | Build | Farm |
| 14:56 | Build | Farm |
| 15:06 | Build | Farm |
| 15:19 | Create | Villager (Male) ×5 |
| 16:02 | Build | Lumber Camp |
| 17:07 | Build | Blacksmith |
| 17:53 | Build | Stable |
| 18:10 | Create | Villager (Male) ×5 |
| 18:10 | Create | Villager (Male) ×5 |
| 18:41 | Research | Castle Age |
| 18:52 | Research | Bloodlines |
| 19:04 | Build | Stable |
| 19:14 | Research | Double-Bit Axe |
| 19:26 | Research | Gold Mining |
| 19:30 | Create | Villager (Male) ×5 |
| 19:30 | Create | Villager (Male) ×5 |
| 21:24 | Age | Castle Age |
| 21:59 | Build | Town Center |
| 22:11 | Research | Husbandry |
| 22:37 | Create | Knight ×5 |
| 22:49 | Create | Knight ×3 |
| 23:25 | Build | Mining Camp |
| 23:42 | Create | Villager (Male) ×5 |
| 24:38 | Research | Bow Saw |
| 24:59 | Build | Castle |
| 25:10 | Create | Villager (Male) ×5 |
| 25:18 | Create | Villager (Male) ×5 |
| 25:40 | Build | Farm |
| 26:30 | Build | Mining Camp |
| 26:49 | Create | Villager (Male) ×5 |
| 26:54 | Create | Villager (Male) ×2 |
| 26:59 | Build | Farm |
| 27:22 | Build | Farm |
| 27:22 | Build | Farm |
| 27:41 | Build | Mining Camp |
| 27:55 | Build | Farm |
| 27:56 | Build | Farm |
| 28:13 | Create | Tarkan ×5 |
| 28:13 | Create | Tarkan ×5 |
| 28:13 | Create | Tarkan |
| 28:54 | Build | Mill |
| 29:09 | Build | Farm |
| 29:34 | Build | Farm |
| 29:34 | Build | Farm |
| 29:43 | Build | Farm |
| 29:43 | Build | Farm |
| 29:43 | Build | Farm |
| 29:44 | Build | Farm |
| 29:44 | Build | Farm |
| 29:45 | Build | Farm |
| 30:00 | Create | Tarkan ×5 |
| 30:00 | Create | Tarkan ×5 |
| 30:00 | Create | Tarkan ×5 |
| 30:59 | Create | Villager (Male) ×5 |
| 33:39 | Build | Mill |
| 33:46 | Build | Mining Camp |
| 34:05 | Build | Mining Camp |
| 34:25 | Research | Imperial Age |
| 34:30 | Create | Villager (Male) ×5 |
| 35:25 | Build | Castle |
| 35:45 | Create | Villager (Male) ×5 |
| 35:56 | Research | Stone Mining |
| 35:58 | Research | Gold Shaft Mining |
| 36:06 | Research | Horse Collar |
| 36:13 | Research | Scale Barding Armor |
| 36:16 | Research | Forging |
| 37:35 | Age | Imperial Age |
| 37:40 | Research | Town Watch |
| 37:45 | Create | Villager (Male) ×5 |
| 37:54 | Research | Tech 2 |
| 38:39 | Build | Farm |
| 38:39 | Build | Farm |
| 38:39 | Build | Farm |
| 38:40 | Build | Farm |
| 38:46 | Research | Town Patrol |
| 38:47 | Research | Wheelbarrow |
| 38:53 | Research | Cavalier (upgrade) |
| 40:23 | Create | Tarkan ×5 |
| 40:23 | Create | Tarkan ×5 |
| 40:23 | Create | Tarkan ×5 |
| 40:58 | Create | Tarkan ×4 |
| 41:36 | Create | Villager (Male) ×5 |
| 41:37 | Create | Villager (Male) ×5 |
| 41:37 | Create | Villager (Male) |
| 42:13 | Build | Farm |
| 42:23 | Create | Villager (Male) ×5 |
| 42:36 | Build | Farm |
| 42:47 | Create | Villager (Male) ×5 |
| 43:05 | Build | Mill |
| 43:22 | Build | Farm |
| 43:28 | Build | Farm |
| 45:21 | Build | Farm |
| 45:21 | Build | Farm |
| 45:22 | Build | Farm |
| 45:22 | Build | Farm |
| 45:23 | Build | Farm |
| 45:38 | Research | Heavy Plow |
| 45:46 | Build | Farm |
| 45:48 | Build | Farm |
| 46:02 | Build | University |
| 46:14 | Research | Hand Cart |
| 46:25 | Build | Farm |
| 47:01 | Build | Farm |
| 47:10 | Research | Marauders |
| 47:15 | Research | Conscription |
| 47:20 | Create | Tarkan ×5 |
| 47:20 | Create | Tarkan ×5 |
| 47:20 | Create | Tarkan ×5 |
| 47:21 | Create | Tarkan ×5 |
| 48:53 | Create | Tarkan ×5 |
| 48:53 | Create | Tarkan ×5 |
| 48:54 | Create | Tarkan |
| 48:59 | Create | Tarkan ×5 |
| 48:59 | Create | Tarkan ×5 |
| 48:59 | Create | Tarkan ×5 |
| 48:59 | Create | Tarkan ×5 |
| 49:55 | Build | Stable |
| 49:56 | Build | Stable |
| 50:03 | Build | Farm |
| 50:03 | Build | Farm |
| 50:03 | Build | Farm |
| 50:03 | Build | Farm |
| 50:04 | Build | Farm |
Match timeline
| 10:16 | sakura琉璃 · first_building Barracks |
| 10:37 | guang · age_up feudal |
| 11:04 | Spike · age_up feudal |
| 11:09 | Numenor · age_up feudal |
| 11:19 | Tiaop · age_up feudal |
| 11:27 | baba meca · age_up feudal |
| 11:42 | sakura琉璃 · age_up feudal |
| 12:37 | Numenor · first_market_buy 100 food |
| 14:57 | Numenor · first_building Barracks |
| 15:27 | Spike · first_building Barracks |
| 16:29 | Spike · first_building Stable |
| 16:32 | Numenor · age_up castle |
| 17:53 | sakura琉璃 · first_building Stable |
| 18:40 | Tiaop · age_up castle |
| 19:42 | baba meca · age_up castle |
| 20:05 | guang · age_up castle |
| 20:07 | Spike · age_up castle |
| 20:51 | baba meca · first_building Castle |
| 20:52 | Numenor · first_building Castle |
| 21:02 | Spike · first_building Castle |
| 21:24 | sakura琉璃 · age_up castle |
| 21:25 | guang · first_building Barracks |
| 21:36 | Numenor · first_building Siege Workshop |
| 21:45 | Tiaop · first_building Barracks |
| 22:35 | Numenor · first_building Monastery |
| 23:18 | Tiaop · first_building Castle |
| 23:41 | baba meca · first_building Barracks |
| 23:46 | Tiaop · first_building Stable |
| 24:01 | Spike · first_building Archery Range |
| 24:59 | sakura琉璃 · first_building Castle |
| 25:15 | baba meca · first_building Stable |
| 27:09 | guang · first_building Castle |
| 27:24 | baba meca · first_building Archery Range |
| 28:00 | Tiaop · wall_segment Stone Wall x15 |
| 28:18 | Tiaop · wall_segment Stone Wall x6 |
| 28:37 | baba meca · age_up imperial |
| 28:47 | Tiaop · wall_segment Stone Wall x29 |
| 29:10 | Numenor · first_building Stable |
| 30:20 | guang · first_building Stable |
| 30:59 | Numenor · first_market_sell 100 wood |
| 31:04 | Tiaop · wall_segment Stone Wall x26 |
| 31:23 | Tiaop · wall_segment Stone Wall x3 |
| 32:01 | Tiaop · wall_segment Stone Wall x7 |
| 32:22 | guang · age_up imperial |
| 32:33 | Spike · first_building Monastery |
| 33:05 | Tiaop · age_up imperial |
| 35:44 | Numenor · age_up imperial |
| 37:35 | sakura琉璃 · age_up imperial |
| 38:16 | baba meca · first_building Siege Workshop |
| 38:23 | Tiaop · first_market_buy 100 food |
| 38:25 | Tiaop · first_market_sell 100 wood |
| 40:27 | Spike · age_up imperial |
| 41:44 | baba meca · first_market_sell 100 food |
| 46:26 | Tiaop · first_building Archery Range |
| 47:48 | guang · first_building Monastery |
| 48:16 | guang · first_market_sell 500 wood |
| 51:14 | guang · tribute_sent a jugador 1 |
| 51:14 | guang · tribute_sent a jugador 3 |
| 51:14 | guang · tribute_sent a jugador 4 |
| 51:14 | guang · tribute_sent a jugador 5 |
| 51:14 | guang · tribute_sent a jugador 6 |
| 58:11 | sakura琉璃 · first_building Archery Range |
| 59:05 | guang · tribute_sent a jugador 1 |
| 59:05 | guang · tribute_sent a jugador 3 |
| 59:05 | guang · tribute_sent a jugador 4 |
| 59:05 | guang · tribute_sent a jugador 5 |
| 59:05 | guang · tribute_sent a jugador 6 |
| 60:38 | guang · tribute_sent a jugador 1 |
| 60:38 | guang · tribute_sent a jugador 3 |
| 60:38 | guang · tribute_sent a jugador 4 |
| 60:38 | guang · tribute_sent a jugador 5 |
| 60:38 | guang · tribute_sent a jugador 6 |
| 60:48 | guang · tribute_sent a jugador 1 |
| 60:48 | guang · tribute_sent a jugador 3 |
| 60:48 | guang · tribute_sent a jugador 4 |
| 60:48 | guang · tribute_sent a jugador 5 |
| 60:48 | guang · tribute_sent a jugador 6 |
| 60:57 | guang · tribute_sent a jugador 1 |
| 60:57 | guang · tribute_sent a jugador 3 |
| 60:57 | guang · tribute_sent a jugador 4 |
| 60:57 | guang · tribute_sent a jugador 5 |
| 60:57 | guang · tribute_sent a jugador 6 |
| 61:21 | sakura琉璃 · tribute_sent a jugador 1 |
| 61:21 | sakura琉璃 · tribute_sent a jugador 2 |
| 61:21 | sakura琉璃 · tribute_sent a jugador 3 |
| 61:21 | sakura琉璃 · tribute_sent a jugador 4 |
| 61:21 | sakura琉璃 · tribute_sent a jugador 5 |
| 62:31 | guang · resign |
[ AI ANALYSIS · 1 CREDIT ]
What really happened in this match?
Wolo.gg analyzes every decision: build order, eco, micro, common mistakes by bracket. Personalized analysis on WhatsApp or Discord in 30 seconds.
Civ guide
Persians
Perfil
Jugador #10952011